 Dungeon Crawl Stone Soup version 0.28.0-45-g0d030f2227 (webtiles) character file.

Game seed: 15243124847835920384

285 DuloT34 the Ruffian (level 6, 0/51 HPs)
             Began as a Ghoul Monk on Apr 19, 2022.
             Was a Believer of Okawaru.
             Slain by an orc
             ... wielding a +0 war axe
              (6 damage)
             ... on level 4 of the Dungeon.
             The game lasted 00:07:45 (3754 turns).

DuloT34 the Ruffian (Ghoul Monk)                    Turns: 3754, Time: 00:07:46

Health: 0/51       AC:  4    Str: 15    XL:     6   Next: 29%
Magic:  4/5        EV: 13    Int:  5    God:    Okawaru [**....]
Gold:   96         SH:  0    Dex: 13    Spells: 5/5 levels left

rFire   . . .      SeeInvis .     - Unarmed
rCold   + . .      Faith    .   (no shield)
rNeg    + + +      Spirit   .   g - +0 animal skin
rPois   ∞          Reflect  .   h - +0 helmet
rElec   .          Harm     .   k - +0 cloak
rCorr   .          Rampage  .   (no gloves)
Will    .....                   (no boots)
Stlth   ++........              (no amulet)
HPRegen 0.00/turn               (no ring)
MPRegen 0.09/turn               (no ring)

@: inhibited regen, studying Fighting
A: claws 1, cold resistance 1, negative energy resistance 3, inhibited
regeneration, torment resistance 2
a: Renounce Religion, Heroism


You were on level 4 of the Dungeon.
You worshipped Okawaru.
Okawaru was pleased with you.
You visited 1 branch of the dungeon, and saw 4 of its levels.

You collected 96 gold pieces.

Inventory:

Missiles
 b - 3 boomerangs (quivered)
Armour
 a - a +0 robe
 g - a +0 animal skin (worn)
 h - a +0 helmet (worn)
 k - a +0 cloak (worn)
Scrolls
 e - 2 scrolls of identify
 i - a scroll of amnesia {unknown}
Potions
 c - 4 potions of curing
 d - a potion of magic {unknown}
 f - a potion of brilliance {unknown}
 j - a potion of might {unknown}


   Skills:
 - Level 3.2 Fighting
 + Level 4.8 Dodging
 - Level 2.1 Stealth
 + Level 5.8 Unarmed Combat


You had 5 spell levels left.
You didn't know any spells.
Your spell library contained the following spells:

 Spells                   Type           Power      Damage    Failure   Level
 Pain                     Necr           0%         1d4       47%         1
 Sandblast                Erth           0%         2d4       47%         1
 Passwall                 Tmut/Erth      0%         N/A       63%         2
 Stone Arrow              Conj/Erth      0%         3d7       85%         3
 Agony                    Necr           0%         N/A       100%        5
 Excruciating Wounds      Necr           0%         N/A       100%        5
 Iskenderun's Battlesphe  Conj           0%         2d6       100%        5
 Iron Shot                Conj/Erth      0%         9d1       100%        6
 Orb of Destruction       Conj           0%         9d5       100%        7
 Summon Guardian Golem    Hex/Summ       Unusable   N/A       N/A         3
 Spellforged Servitor     Conj/Summ      Unusable   N/A       N/A         7

Dungeon Overview and Level Annotations

Branches:
Dungeon (4/15)
 Temple: D:4-7

Altars:
Okawaru
Wu Jian
Beogh


Innate Abilities, Weirdness & Mutations

You thrive by killing the living.
You are immune to poison.
You have sharp fingernails.
Your flesh is cold resistant. (rC+)
You are immune to negative energy. (rN+++)
You do not regenerate when monsters are visible.
You are immune to unholy pain and torment.


Message History

The orc hits you with a +0 flail!
You scratch the orc.
The orc is heavily wounded.
A scorpion comes into view.
The orc hits you with a +0 flail. The ufetubus misses you. x2
The orc misses you.
You claw the orc!
You kill the orc!
Okawaru accepts your kill.
You feel like a meek peon again. The ufetubus barely misses you.
The ufetubus misses you. The orc closely misses you.
You scratch the ufetubus but do no damage.
The ufetubus closely misses you. The ufetubus barely misses you.
The orc barely misses you. The orc hits you but does no damage.
You claw the ufetubus!
You kill the ufetubus!
Okawaru accepts your kill.
The orc hits you with a +0 vorpal flail.
The orc hits you with a +0 flail.
You claw the orc!
You kill the orc!
Okawaru accepts your kill.
You feel better. The orc barely misses you.
You closely miss the orc. The orc misses you. The orc closely misses you.
You closely miss the scorpion. The scorpion stings you.
An adder skeleton comes into view.
The orc hits you with a +0 flail. The orc closely misses you.
You are too injured to fight recklessly!
You are too injured to fight recklessly!
You are too injured to fight recklessly!
Unknown command.
The scorpion stings you but does no damage.
The orc hits you with a +0 flail.
* * * LOW HITPOINT WARNING * * *
The orc completely misses you. The scorpion stings you!
* * * LOW HITPOINT WARNING * * *
You hear the slow rusting of a very distant drain.
The orc hits you with a +0 war axe.
You die...

.$...............
..................
..................
................
#......w....#
##+#...))......##
Z.....s.........#
.......oo.......#
.......@........##
...#.............#
.. #.............#
. #.............#
#.............##
#########......#
#......#
#......######
####.........


You could see a worm, a scorpion, 2 orcs and an adder skeleton (wandering).

Vanquished Creatures
  A scorpion (D:3)
  A howler monkey (D:4)
  Crazy Yiuf (D:3)
  Robin (D:2)
  6 adders
  An ufetubus (D:4)
  An adder skeleton (D:4)
  7 orcs
  5 ball pythons
  8 endoplasms
  5 giant cockroaches
  17 goblins
  6 hobgoblins
  4 kobolds (D:2)
  2 quokkas (D:2)
  4 bats
  2 frilled lizards
  13 rats
85 creatures vanquished.

Vanquished Creatures (others)
  8 fungi (D:4)
8 creatures vanquished.

Grand Total: 93 creatures vanquished

Notes
Turn   | Place    | Note
-------+----------+-------------------------------------------
     0 | D:1      | DuloT34 the Ghoul Monk began the quest for the Orb.
     0 | D:1      | Reached XP level 1. HP: 19/19 MP: 0/0
   224 | D:1      | Reached XP level 2. HP: 25/26 MP: 1/1
   998 | D:2      | Reached XP level 3. HP: 31/31 MP: 2/2
  1003 | D:2      | Reached skill level 4 in Unarmed Combat
  1017 | D:2      | Noticed Robin
  1336 | D:2      | Killed Robin
  1573 | D:2      | Reached XP level 4. HP: 35/38 MP: 3/3
  1731 | D:2      | Found an iron altar of Okawaru.
  2364 | D:2      | Found a faded altar of an unknown god.
  2434 | D:2      | Prayed at the altar of an unknown god.
  2434 | D:2      | Became a worshipper of Warmaster Okawaru
  2434 | D:2      | Reached * piety under Okawaru
  2434 | D:2      | Reached ** piety under Okawaru
  2628 | D:3      | Reached XP level 5. HP: 42/45 MP: 4/4
  2694 | D:3      | Reached skill level 5 in Unarmed Combat
  2980 | D:3      | Found an ornate altar of the Wu Jian Council.
  3299 | D:3      | Found a runed translucent door.
  3300 | D:3      | Noticed Crazy Yiuf
  3537 | D:3      | Killed Crazy Yiuf
  3538 | D:3      | Reached XP level 6. HP: 43/51 MP: 0/5
  3754 | D:4      | Slain by an orc

Illustrated notes

Levels and vault maps discovered:
D:1:      scummos_arrival_star, layout_loops_corners
D:2:      minmay_alternating_diamond, layout_loops_ring,
          hellmonk_ecumenical_altar_defaced_shrine, basic_altar,
          minmay_rat_gold_closets, uniq_robin
D:3:      layout_loops_ring, nicolae_wu_jian_glorious_leap,
          uniq_crazy_yiuf_cottage
D:4:      layout_basic, serial_aquarium, aquarium_bridge_straight
          [aquarium_subvault_bridge, aquarium_subvault_wall,
          aquarium_subvault_bridge, aquarium_subvault_wall],
          aquarium_window_fake, aquarium_window_fake, aquarium_view_2e,
          aquarium_balcony_3a, portal_sewer_entry_d

Skill      XL: |  1  2  3  4  5 |
---------------+----------------+-----
Dodging        | 3 4 |  4.8
Unarmed Combat | 4 5 |  5.8
Fighting       | |  3.2
Stealth        | |  2.1

Action                   |  1- 3 |  4- 6 || total
-------------------------+-------+-------++-------
Melee: Unarmed           |   107 |   144 ||   251
       Punch             |     1 |     3 ||     4
Throw: Boomerang         |     2 |       ||     2
Invok: Heroism           |       |     3 ||     3
  Use: Scroll            |     3 |     2 ||     5
 Stab: Sleeping          |     3 |     9 ||    12
Armor: Robe              |    10 |       ||    10
       Animal skin       |     3 |    24 ||    27
Dodge: Dodged            |    54 |    91 ||   145
